 Dungeon Crawl Stone Soup version 0.19-a0-1008-g4c63d25 (webtiles) character file.

434 Implojin the Grappler (level 6, -1/51 HPs)
             Began as a Minotaur Fighter on July 21, 2016.
             Slain by a water moccasin (4 damage)
             ... on level 5 of the Dungeon.
             The game lasted 00:04:19 (577 turns).

Implojin the Grappler (Minotaur Fighter)             Turns: 577, Time: 00:04:20

Health: -1/51      AC:  5    Str: 24    XL:     6   Next: 67%
Magic:  5/5        EV:  8    Int: 10    God:
Gold:   0          SH: 10    Dex: 12    Spells: 0 memorised, 5 levels left

rFire  . . .     SeeInvis .       - Unarmed
rCold  . . .     Gourm    .     i - +0 ring mail
rNeg   . . .     Faith    .     b - +0 shield
rPois  .         Spirit   .     (helmet restricted)
rElec  .         Dismiss  .     (no cloak)
rCorr  .         Reflect  .     (no gloves)
SustAt .         Harm     .     (no boots)
MR     .....                    (no amulet)
Stlth  +.........               (no ring)
                                e - +4 ring of strength

@: brilliant, not resistant to hostile enchantments, very unstealthy
A: retaliatory headbutt, horns 2
a: no special abilities


You were on level 5 of the Dungeon.
You were not hungry.

You visited 1 branch of the dungeon, and saw 6 of its levels.

Inventory:

Missiles
 l - 3 tomahawks (quivered)
Armour
 a - a +0 scale mail
 b - a +0 shield (worn)
 i - a +0 ring mail (worn)
 k - a +0 cloak
Jewellery
 c - an uncursed ring of protection from magic {unknown}
 e - a +4 ring of strength (left hand)
Wands
 n - a wand of polymorph (24/24)
Scrolls
 j - a scroll of random uselessness {unknown}
 m - a scroll of enchant weapon {unknown}
Comestibles
 d - 2 bread rations


   Skills:
 - Level 3.6 Fighting
 - Level 3.6 Armour
 - Level 3.6 Shields
 - Level 8.0 Unarmed Combat


You had 5 spell levels left.
You didn't know any spells.

Dungeon Overview and Level Annotations

Branches:
Dungeon (6/15)
 Temple: D:4-7

Altars:
Ashenzari


Innate Abilities, Weirdness & Mutations

You reflexively headbutt those who attack you in melee.
You have a pair of horns on your head.


Message History

Found 13 gold pieces.
You see here a cloak.
k - a cloak A water moccasin comes into view.
The water moccasin hisses angrily.
Okay, then.
As you read the scroll of teleportation, it crumbles to dust.
You feel strangely unstable. The water moccasin barely misses you.
You block the water moccasin's attack.
The water moccasin bites you but does no damage.
Your surroundings suddenly seem different.
It was a potion of brilliance.
You feel clever all of a sudden.
As you read the scroll labeled TIENYLI KUHAUG, it crumbles to dust.
It is a scroll of recharging.
Charge which item? (? for menu, Esc to quit)
Your wand of polymorph glows for a moment.
Okay, then.
You hit the water moccasin.
The water moccasin is moderately wounded.
The water moccasin bites you.
* * * LOW HITPOINT WARNING * * *
Unknown command.
You punch the water moccasin!
Your headbutt misses the water moccasin.
The water moccasin is heavily wounded.
You block the water moccasin's attack.
You barely miss the water moccasin.
The water moccasin is heavily wounded.
You block the water moccasin's attack. The water moccasin bites you!
* * * LOW HITPOINT WARNING * * *
Unknown command.
You miss the water moccasin.
The water moccasin is heavily wounded.
The water moccasin closely misses you.
You closely miss the water moccasin.
Your headbutt misses the water moccasin.
The water moccasin is heavily wounded.
The water moccasin bites you.
You die...

....# .##.#
#. ## # #. #
#. #.#. #
#.#. ####.#
.........#
#.#...##
#.@....##
#.S.....###
#.....$....
#.......##
#.####...?.##
#.........##
#######..##
#..# ##..#


You could see a water moccasin.

Vanquished Creatures
  A phantom (D:4)
  A centaur (D:5)
  An orc priest (D:5)
  A hound (D:4)
  A giant frog skeleton (D:4)
  A jelly (D:4)
  2 orc wizards (D:5)
  2 worker ants (D:4)
  A worker ant zombie (D:5)
  2 adders
  3 giant geckos
  2 orcs
  A giant cockroach (D:3)
  A goblin (D:1)
  3 hobgoblins (D:1)
  6 jackals (D:4)
  A quokka (D:2)
  3 bats
  A giant newt (D:3)
  A kobold (D:1)
  A rat (D:1)
36 creatures vanquished.

Notes
Turn   | Place    | Note
-------+----------+-------------------------------------------
     0 | D:1      | Implojin the Minotaur Fighter began the quest for the Orb.
     0 | D:1      | Reached XP level 1. HP: 19/19 MP: 0/0
    83 | D:1      | Reached skill level 3 in Unarmed Combat
    95 | D:2      | Reached XP level 2. HP: 22/26 MP: 1/1
   223 | D:4      | Reached skill level 4 in Unarmed Combat
   223 | D:4      | Reached XP level 3. HP: 22/31 MP: 2/2
   224 | D:4      | Reached XP level 4. HP: 28/39 MP: 3/3
   309 | D:4      | Reached skill level 5 in Unarmed Combat
   343 | D:4      | Noticed a phantom
   369 | D:4      | Killed a phantom
   369 | D:4      | Reached skill level 6 in Unarmed Combat
   369 | D:4      | Reached XP level 5. HP: 42/45 MP: 4/4
   452 | D:5      | Entered Level 5 of the Dungeon
   471 | D:5      | Reached skill level 7 in Unarmed Combat
   471 | D:5      | Reached XP level 6. HP: 36/51 MP: 5/5
   494 | D:5      | Found a shattered altar of Ashenzari.
   556 | D:5      | Reached skill level 8 in Unarmed Combat
   564 | D:5      | Noticed a water moccasin
   577 | D:5      | Slain by a water moccasin

Vault maps used:
D:1:      sevenhm_arrival_forest_fort_large_4
D:2:      first_bread, minmay_lizard_king, uniq_iyjb
D:3:      marbit_many_paths, serial_co_window_serial, co_window_paths_b,
          co_window_paths_a, co_window_paths_a, co_window_paths_a,
          co_window_corner_a, co_window_paths_a, co_window_paths_b,
          co_window_corner_a, co_window_paths_a, co_window_broadway_a,
          co_window_of_opportunity_c, co_window_unsneaky_path_a,
          co_window_corner_b, co_window_corner_b, co_window_corner_b,
          glass_columns_a, glass_columns_a, glass_columns_a, glass_columns_a
D:4:      nicolae_overflow_hidden_temple
D:5:      nicolae_ashenzari_panopticon
D:6:      kennysheep_mini

Skill      XL: |  1  2  3  4  5  6 |
---------------+-------------------+-----
Unarmed Combat | 3 4 6 7 8 |  8.0
Fighting       | |  3.6
Armour         | |  3.6
Shields        | |  3.6

Action                   |  1- 3 |  4- 6 || total
-------------------------+-------+-------++-------
Melee: Unarmed           |    34 |    71 ||   105
       Headbutt          |    11 |    16 ||    27
  Use: Potion            |       |     4 ||     4
       Scroll            |       |     3 ||     3
Armor: Scale mail        |    17 |       ||    17
       Ring mail         |     1 |    21 ||    22
Dodge: Dodged            |    16 |    17 ||    33
Block: Shield            |    34 |    44 ||    78

Table legend:
 A = Turns spent in this place as a percentage of turns spent in the entire game.
 B = Non-inter-level travel turns spent in this place as a percentage of non-inter-level travel turns spent in the entire game.
 C = Inter-level travel turns spent in this place as a percentage of turns spent in this place.
 D = Turns resting spent in this place as a percentage of non-inter-level travel turns spent in this place.
 E = Turns spent auto-exploring this place as a percentage of non-inter-level travel turns spent in this place.
 F = Non-inter-level travel turns spent in this place divided by the number of levels of this place that you've seen.
                   A       B       C       D       E      F
               +-------+-------+-------+-------+-------+----------------------
         Total | 100.0 | 100.0 |   0.0 |   0.0 |   0.0 |  99.3
       Dungeon | 100.0 | 100.0 |   0.0 |   0.0 |   0.0 |  99.3
               +-------+-------+-------+-------+-------+----------------------

Table legend:
 A = Kills in this place as a percentage of kills in entire the game.
 B = Kills by you in this place as a percentage of kills by you in the entire game.
 C = Kills by friends in this place as a percentage of kills by friends in the entire game.
 D = Other kills in this place as a percentage of other kills in the entire game.
 E = Experience gained in this place as a percentage of experience gained in the entire game.
 F = Experience gained in this place divided by the number of levels of this place that you have seen.
                   A       B       C       D       E      F
               +-------+-------+-------+-------+-------+----------------------
         Total | 100.0 | 100.0 |  -nan |  -nan | 100.0 | 103.3
       Dungeon | 100.0 | 100.0 |  -nan |  -nan | 100.0 | 103.3
               +-------+-------+-------+-------+-------+----------------------
